 Dungeon Crawl Stone Soup version 0.14-a0-1546-g4b4961f (webtiles) character file.

190 M4edhros the Ducker (level 3, -1/26 HPs)
             Began as an Octopode Chaos Knight on Dec 19, 2013.
             Was a Plaything of Xom.
             Killed from afar by Terence (11 damage)
             ... with a wand of flame
             ... on Level 3 of the Dungeon.
             The game lasted 00:01:13 (1505 turns).

M4edhros the Ducker (Octopode Chaos Knight)         Turns: 1505, Time: 00:01:13

HP  -1/26        AC  1     Str 11      XL: 3   Next: 87%
MP   3/3         EV 13     Int 15      God: Xom
Gold 137         SH  0     Dex 11      Spells:  0 memorised,  2 levels left

rFire  . . .     SeeInvis .     a - +0 spear (chaos)
rCold  . . .     Clarity  .     (no shield)
rNeg   . . .     Conserve .     (helmet restricted)
rPois  .         rCorr    .     (no amulet)
rElec  .         rRot     .     (no ring)
SustAb . .       Spirit   .     (no ring)
rMut   .         Warding  .     (no ring)
Saprov . . .     Stasis   .     (no ring)
                                (no ring)
                                (no ring)
                                (no ring)
                                (no ring)

@: not resistant to hostile enchantments, fairly stealthy
A: almost no armour, amphibious, 8 rings, constrict 8, camouflage 1, gelatinous
body 1
a: Renounce Religion


You were on level 3 of the Dungeon.
You worshipped Xom.
You were a special plaything of Xom.
You were hungry.

You visited 1 branch of the dungeon, and saw 3 of its levels.

You collected 137 gold pieces.

Inventory:

Hand weapons
 a - a +0,+0 spear of chaos (weapon)
Comestibles
 c - 2 bread rations
 n - a lychee
 p - 3 meat rations
Scrolls
 d - a scroll of magic mapping {unknown}
 f - 3 scrolls of identify {unknown}
 h - a scroll of enchant armour {unknown}
 j - 3 scrolls of remove curse {unknown}
 k - a scroll of curse armour {unknown}
 l - a scroll of curse weapon {unknown}
 o - a scroll of enchant weapon I {unknown}
 q - a scroll of noise {unknown}
Potions
 b - 2 potions of brilliance {unknown}
 e - a potion of magic {unknown}
 g - 3 potions of curing {unknown}
 i - a potion of heal wounds {unknown}
 m - a potion of resistance {unknown}
 r - a potion of agility {unknown}


   Skills:
 - Level 3.0 Fighting
 - Level 3.0 Polearms
 + Level 4.2 Dodging


You had 2 spell levels left.
You didn't know any spells.

Dungeon Overview and Level Annotations

Branches:
Dungeon (3/16)

Altars:

Annotations:
D:3 Terence


Innate Abilities, Weirdness & Mutations

You cannot wear most types of armour.
You are amphibious.
You can wear up to eight rings at the same time.
You can use your tentacles to constrict many enemies at once.
Your skin changes colour to match your surroundings (Stlth).
Your rubbery body absorbs attacks (AC +1).


Message History

You reach to attack!
You hit Terence but do no damage.
There is a sudden explosion of sparks!
Terence is almost dead.
Terence zaps a wand.
The puff of flame hits you!
Attack whom?
Press: ? - help, Dir - move target cursor, f/p - Terence
Aim: Terence, wielding a short sword, wearing a chain mail and carrying a wand of flame {zapped: 3} (almost dead)
You reach to attack!
You completely miss Terence.
Terence is almost dead.
You hit Terence but do no damage. Your grab misses Terence.
Terence is almost dead.
Terence zaps a wand.
The puff of flame misses you.
You barely miss Terence. You grab Terence.
Terence is almost dead.
You constrict Terence. Terence misses you.
You hit Terence but do no damage.
Terence is moving more slowly.
Terence is almost dead.
You constrict Terence.
Terence zaps a wand.
The puff of flame hits you!
You die... "Boring in life, boring in death..."

..# . #.# #.# #
#.# #.# .#s #.#
#.# .... #.# #.#
#..####.###.###
#.............
#....#.###.#
#@@......#
...........###.#
# ####.#.##.#
#.#.#
#....#.###.#.#
.s............#
..........#.#.#
............#.#
............#.#
#..#.#....##.#


You could see Terence (petrifying) and a giant cockroach (sleeping).

Vanquished Creatures
  2 worms (D:2)
  A giant gecko (D:1)
  3 oozes
  5 giant cockroaches
  6 hobgoblins
  3 bats
  A giant newt (D:3)
  5 goblins
  5 jackals (D:2)
  8 kobolds
  5 rats
44 creatures vanquished.

Notes
Turn   | Place    | Note
--------------------------------------------------------------
     0 | D:1      | M4edhros, the Octopode Chaos Knight, began the quest for the Orb.
     0 | D:1      | Reached XP level 1. HP: 16/16 MP: 1/1
    42 | D:1      | XOM: harmless Summ miscast
    45 | D:1      | XOM: divination: magic mapping
   165 | D:1      | Reached XP level 2. HP: 15/21 MP: 2/2
   522 | D:2      | Reached XP level 3. HP: 21/26 MP: 3/3
   622 | D:2      | XOM: summons 4 hostile shadow creatures
   649 | D:2      | Reached skill level 4 in Dodging
  1106 | D:2      | XOM: colour smoke trail
  1156 | D:2      | XOM: noise
  1331 | D:2      | XOM: noise
  1496 | D:3      | Noticed Terence
  1505 | D:3      | Killed from afar by Terence

Action                   || total
-------------------------++-------
Melee: Spear             ||   122
 Stab: Sleeping          ||     3
       Confused          ||     1
